 Dungeon Crawl Stone Soup version 0.30-a0-1161-g0704695555 (webtiles) character file.

Game seed: 10649455048505807590

1 voltaire321 the Insei (level 1, -6/15 HPs)
             Began as a Merfolk Transmuter on Apr 27, 2023.
             Mangled by a gnoll
             ... wielding a +0 flail
              (7 damage)
             ... on level 1 of the Dungeon.
             The game lasted 00:00:53 (39 turns).

voltaire321 the Insei (Merfolk Transmuter)            Turns: 39, Time: 00:00:53

Health: -6/15      AC:  2    Str: 10    XL:     1   Next: 20%
Magic:  2/3        EV: 12    Int: 12    God:
Gold:   0          SH:  0    Dex: 14    Spells: 3/4 levels left

rFire   . .          .
                       - Unarmed
rCold   . . .        (no shield)
rNeg    . . .        a - +0 robe
rPois   .            (helmet currently unavailable)
rElec   .            (no cloak)
rCorr   .            (no gloves)
SInv    .            (boots currently unavailable)
Will    .....        (no amulet)
Stlth   +            (no ring)
HPRegen 0.22/turn    (no ring)
MPRegen 0.08/turn

%: no passive effects
@: appendages
A: horns 2, (nimble swimmer 2), mertail
a: End Transformation


You were on level 1 of the Dungeon.
You had temporarily grown beastly horns.
You visited 1 branch of the dungeon, and saw 1 of its levels.

Inventory:

Armour
 a - a +0 robe (worn)
Potions
 b - a potion of lignification


   Skills:
 + Level 1.1 Fighting
 + Level 2.7 Dodging
 + Level 3.3 Unarmed Combat
 + Level 2.0 Spellcasting
 + Level 2.7 Transmutations


You had 3 spell levels left.
You knew the following spells:

 Your Spells              Type           Power      Damage    Failure   Level
a - Beastly Appendage     Tmut           14%        N/A       9%          1

Your spell library contained the following spells:

 Spells                   Type           Power      Damage    Failure   Level
 Wereblood                Tmut           7%         N/A       14%         2
 Spider Form              Tmut/Pois      4%         N/A       43%         3
 Ice Form                 Ice/Tmut       4%         N/A       83%         4


Dungeon Overview and Level Annotations

Branches:
Dungeon (1/15)

Altars:


Innate Abilities, Weirdness & Mutations

You have temporarily grown beastly horns.
((You are very nimble when in or above water. (Stealth+, EV+, Speed+++)))
Your lower body shifts to a powerful aquatic tail in water.


Message History

Welcome, voltaire321 the Merfolk Transmuter.
It is said that the Orb of Zot exists deep within this dungeon.
Press ? for a list of commands and other information.
Found a robe.
Found a staircase leading out of the dungeon.
An endoplasm comes into view.
The endoplasm quivers.
Casting: Beastly Appendage (safe; 9% risk of failure)
Press: ? - help, Q - select action Dir - look around, f - activate You grow a pair of large bovine horns.
Found an escape hatch in the floor.
You hit the endoplasm.
You kill the endoplasm!
Your transformation is almost over.
Magic restored.
A gnoll comes into view. It is wielding a +0 flail.
Your horns disappear.
A giant cockroach comes into view.
Found 16 gold pieces.
Casting: Beastly Appendage (safe; 9% risk of failure)
Press: ? - help, Q - select action Dir - look around, f - activate You grow a pair of large bovine horns.
The gnoll misses you.
You closely miss the gnoll. The gnoll barely misses you.
You hit the gnoll. You headbutt the gnoll!
The gnoll is almost dead.
The gnoll misses you.
You barely miss the gnoll.
The gnoll is almost dead.
The gnoll hits you with a +0 flail!
Ouch! That really hurt!
* * * LOW HITPOINT WARNING * * *
You barely miss the gnoll.
The gnoll is almost dead.
The gnoll hits you with a +0 flail!
You die...

♣.. #..........#
♣....#.....g....# B
♣....#####.######
..♣....#####..#
....$...#.#.#.##
.......#.#.#.#.#
.......+#.#.#.##
.......#.#g#.#.#
........#.#.#@#####
.......#.#.#g#....#
........#.#.#.###.....
###....#.#.#.#[# #..
.......########
#.#....# # #+##. ##


You could see a gnoll.

Vanquished Creatures
  An endoplasm (D:1)
1 creature vanquished.

Notes
Turn   | Place    | Note
-------+----------+-------------------------------------------
     0 | D:1      | voltaire321 the Merfolk Transmuter began the quest for the
                  | Orb.
     0 | D:1      | Reached XP level 1. HP: 15/15 MP: 3/3
    39 | D:1      | Mangled by a gnoll

Illustrated notes

Levels and vault maps discovered:
D:1:      lightli_arrival_chessboard, layout_basic,
          chequers_ecumenical_altar_grove, minmay_misc_feat_secret_circle

Action                     || total
---------------------------++-------
  Melee: Unarmed           ||     5
         Headbutt          ||     1
   Cast: Beastly Appendage ||     2
  Dodge: Dodged            ||     3

Table legend: (Time is in decaauts)
 A = Elapsed time spent in this place.
 B = Non-inter-level travel time spent in this place.
 C = Inter-level travel time spent in this place.
 D = Time resting spent in this place.
 E = Time spent auto-exploring this place.
 F = Levels seen in this place.
 G = Mean time per level.
                   A        B        C        D        E       F      G
               +--------+--------+--------+--------+--------+-----+--------+
         Total |     38 |     38 |      0 |      0 |     15 |   1 |   38.0 |
       Dungeon |     38 |     38 |      0 |      0 |     15 |   1 |   38.0 |
               +--------+--------+--------+--------+--------+-----+--------+

Top non-repeatable levels by time:
     D:1: 38 daAuts
